 Dungeon Crawl Stone Soup version 0.30.1 (webtiles) character file.

Game seed: 10742693328022595106

13425 AIAndy the Marksfrog (level 12, 0/95 HPs)
             Began as a Barachi Hunter on July 4, 2023.
             Was a High Priest of Cheibriados.
             Slain by a sphinx (1 damage)
             ... summoned by Kirke
             ... while paralysed by a sphinx
             ... on level 12 of the Dungeon.
             The game lasted 00:47:21 (11598 turns).

AIAndy the Marksfrog (Barachi Hunter)              Turns: 11598, Time: 00:47:22

Health: 0/95       AC:  8    Str: 26    XL:     12   Next: 5%
Magic:  15/15      EV:  2    Int: 28    God:    Cheibriados [*****.]
Gold:   212        SH:  0    Dex: 39    Spells: 11/11 levels left

rFire   + . .        c - +0 longbow
rCold   . . .        (shield currently unavailable)
rNeg    . . .        o - +2 robe of Kausuig {Int+5}
rPois   +            I - +0 helmet
rElec   .            (no cloak)
rCorr   .            N - +1 pair of gloves {rF+}
SInv    .            d - +0 pair of boots
Will    .....        (no amulet)
Stlth   +++          l - +6 ring of dexterity
HPRegen 0.35/turn    p - ring of poison resistance
MPRegen 0.14/turn

%: no passive effects
@: paralysed, spiked, very slow
A: amphibious, slowness 1, strong legs 1, +LOS
a: Hop, Renounce Religion, Bend Time, Temporal Distortion, Slouch, Step From
Time


You were on level 12 of the Dungeon.
You worshipped Cheibriados.
Cheibriados was extremely pleased with you.
You visited 1 branch of the dungeon, and saw 12 of its levels.
You also visited: Ossuary.

You collected 773 gold pieces.
You spent 561 gold pieces at shops.

Inventory:

Hand Weapons
 c - a +0 longbow (weapon)
 E - a +5 short sword
 H - the +7 spear of Discretion {flame, Fragile rN+ MP+9}
   (You found it on level 11 of the Dungeon)

   rN:        It protects you from negative energy.
   MP:        It affects your magic capacity (+9).
   Fragile:   It will be destroyed if unequipped.
Armour
 d - a +0 pair of boots (worn)
 o - the +2 robe of Kausuig (worn) {Int+5}
   (You found it on level 2 of the Dungeon)

   Int:       It affects your intelligence (+5).
 q - a +0 plate armour
 F - a +1 robe of the Archmagi
 I - a +0 helmet (worn)
 N - a +1 pair of gloves of fire resistance (worn)
Jewellery
 l - a +6 ring of dexterity (left hand)
 n - a ring of protection from fire
 p - a ring of poison resistance (right hand)
 t - a ring of wizardry
 w - a +6 ring of strength
 D - a ring of see invisible
 G - an amulet of faith
 K - a ring of ice
 R - a ring of fire
Wands
 g - a wand of iceblast (1)
 u - a wand of polymorph (4)
 L - a wand of flame (24)
 P - a wand of paralysis (12)
Scrolls
 a - a scroll of amnesia
 b - 8 scrolls of immolation
 f - 5 scrolls of enchant armour
 j - 3 scrolls of fear
 m - 2 scrolls of vulnerability {unknown}
 r - 2 scrolls of identify
 s - 2 scrolls of teleportation
 y - 2 scrolls of blinking {unknown}
 A - a scroll of poison {unknown}
 J - a scroll of torment {unknown}
Potions
 e - 2 potions of mutation
 h - 2 potions of heal wounds
 i - 10 potions of curing
 k - a potion of magic
 v - 2 potions of resistance
 x - a potion of might
 z - 2 potions of berserk rage
 B - 2 potions of brilliance
 C - 2 potions of lignification
 M - 2 potions of ambrosia
 O - a potion of flight {unknown}
 Q - a potion of invisibility {unknown}


   Skills:
 - Level 9.0 Fighting
 + Level 16.4 Ranged Weapons
 - Level 5.0 Dodging
 - Level 0.8 Stealth
 - Level 5.0 Invocations


You had 11 spell levels left.
You didn't know any spells.
Your spell library contained the following spells:

 Spells                   Type           Power      Damage    Failure   Level
 Foxfire                  Conj/Fire      0%         2x1d4     11%         1
 Magic Dart               Conj           0%         1d3       11%         1
 Blink                    Tloc           0%         N/A       17%         2
 Searing Ray              Conj           0%         2d4       17%         2
 Vhi's Electric Charge    Tloc/Air       0%         N/A       32%         3
 Fulminant Prism          Conj/Hex       0%         3d5       73%         4
 Leda's Liquefaction      Hex/Erth       0%         N/A       73%         4
 Manifold Assault         Tloc           0%         N/A       73%         4
 Arcjolt                  Conj/Air       0%         1d10      97%         5
 Fireball                 Conj/Fire      0%         3d3       97%         5
 Lee's Rapid Deconstruct  Erth           0%         3d4*      97%         5
 Plasma Beam              Fire/Air       0%         2x1d11    100%        6
 Starburst                Conj/Fire      0%         6d3       100%        6
 Statue Form              Tmut/Erth      0%         N/A       100%        6
 Storm Form               Tmut/Air       0%         N/A       100%        7
 Maxwell's Capacitive Co  Air            0%         ∞         100%        8


Dungeon Overview and Level Annotations

Branches:
Dungeon (12/15)            Temple (0/1) D:7            Lair (0/5) D:11
    Orc (0/2) D:11        Ossuary (visited)

Altars:
Cheibriados
Elyvilon
Fedhas
Gozag
Kikubaaqudgha
Makhleb
Nemelex Xobeh
Trog
Yredelemnul

Shops:
D:6 [!   D:10 *

Annotations:
D:2 Sigmund
D:12 Kirke


Innate Abilities, Weirdness & Mutations

You are amphibious.
You cover ground slowly.
You can hop short distances.
You have an extended range of vision and can be seen from far away.


Message History

The volley of spikes hits you!
The barbed spikes become lodged in your body.
The hog squeals angrily.
Fire: c) +0 longbow
Press: ? - help, Q - select action, (/) - cycle Shift-Dir - straight line, f - Kirke, p - manticore
Aim: Kirke (76% to hit)
You shoot an arrow. The arrow hits the manticore!!
The manticore is severely wounded.
You hear a shout!
Fire: c) +0 longbow
Press: ? - help, Q - select action, (/) - cycle Shift-Dir - straight line, f/p - Kirke
Aim: Kirke (76% to hit)
You shoot an arrow. The arrow hits the manticore!
The manticore is almost dead.
The sphinx casts a spell.
You suddenly lose the ability to move!
A hog comes into view.
The manticore bites you but does no damage.
The manticore claws you but does no damage.
The manticore claws you. The manticore bites you! The manticore claws you!
The manticore claws you but does no damage.
Kirke gestures wildly while chanting.
Kirke flickers and vanishes!
Deactivating autopickup; reactivate with Ctrl-A.
The manticore bites you.
* * * LOW HITPOINT WARNING * * *
The manticore claws you.
* * * LOW HITPOINT WARNING * * *
The manticore claws you!
* * * LOW HITPOINT WARNING * * *
The manticore bites you.
* * * LOW HITPOINT WARNING * * *
The manticore claws you.
* * * LOW HITPOINT WARNING * * *
The manticore claws you.
* * * LOW HITPOINT WARNING * * *
A troll comes into view.
The sphinx hits you.
You die...

.T............. #.#
.........$....#######.#
#...................... #
#?......... ..#####..##
..#..h...... #...## #..........
#.### #....h.[.. ##.#
#......HH# ##.†##### #@#
###..)..... #.. #.#
#....#...... #.# #†#
#.####...... #### ... #### #.#
##........... #...##.##..H# #†#
#..####...... #.$~~#.#~~$.#
#†####..####......
#.~Y.≈.≈..~.#
#.†...............
#~.......~###
#†####............
#≈.~~~.≈##.###.#...............


You could see a sphinx (summoned), a manticore, a troll and 2 hogs.

Vanquished Creatures
  Erolcha (D:11)
  A two-headed ogre (D:9)
  Pikel (D:5)
  A deep elf pyromancer (D:12)
  An ugly thing (D:12)
  A cyclops (D:11)
  A manticore (D:12)
  A gargoyle (D:10)
  5 trolls
  Prince Ribbit (D:5)
  2 wraiths
  A wyvern (D:9)
  Eustachio (D:5)
  A basilisk (D:12)
  9 yaks
  3 vampire mosquitoes (D:11)
  4 hogs (D:12)
  A steam dragon (D:8)
  3 wargs (D:11)
  2 acid dragons
  A sky beast (D:7)
  4 orc warriors
  A black bear (D:7)
  An ogre (D:7)
  An ice beast (D:6)
  9 centaurs
  A lemure (D:5)
  3 phantoms
  4 kobold brigands
  A bullfrog (D:5)
  A gnoll sergeant (D:9)
  11 scorpions
  12 wights
  8 howler monkeys
  2 centaur zombies (Ossuary)
  A jelly (D:5)
  3 hounds (D:5)
  A human zombie (Ossuary)
  5 orc priests
  2 sleepcaps
  4 iguanas
  6 orc wizards
  7 scorpion zombies (Ossuary)
  4 mummies
  9 adders
  22 gnolls
  2 dart slugs
  25 orcs
  10 endoplasms
  2 giant cockroaches
  3 gnoll zombies (Ossuary)
  12 goblins
  14 hobgoblins
  2 quokkas
  6 ball pythons
  8 bats
  4 frilled lizards
  A goblin zombie (Ossuary)
  3 hobgoblin zombies (Ossuary)
  43 kobolds
  A kobold zombie (Ossuary)
  An orc zombie (Ossuary)
  7 rats
  A spectral orc (D:5)
310 creatures vanquished.

Notes
Turn   | Place    | Note
-------+----------+-------------------------------------------
     0 | D:1      | AIAndy the Barachi Hunter began the quest for the Orb.
     0 | D:1      | Reached XP level 1. HP: 17/17 MP: 1/1
   145 | D:1      | Reached XP level 2. HP: 23/23 MP: 2/2
   258 | D:1      | Reached XP level 3. HP: 28/28 MP: 3/3
   288 | D:1      | Reached skill level 5 in Ranged Weapons
  1042 | D:2      | Noticed Sigmund
  1449 | D:2      | Identified the +2 robe of Kausuig {Int+5}
  1496 | D:2      | Reached XP level 4. HP: 34/34 MP: 4/4
  1498 | D:2      | Found a faded altar of an unknown god.
  2192 | D:3      | Reached skill level 6 in Ranged Weapons
  2196 | D:3      | Reached XP level 5. HP: 10/39 MP: 5/5
  2650 | D:3      | Reached skill level 7 in Ranged Weapons
  2650 | D:3      | Reached XP level 6. HP: 27/46 MP: 6/6
  2877 | D:3      | Found a snail-covered altar of Cheibriados.
  2891 | D:3      | Became a worshipper of Cheibriados the Contemplative
  2965 | D:3      | Found a sparkling altar of Nemelex Xobeh.
  2966 | D:3      | Found an opulent altar of Gozag.
  3428 | D:3      | Reached skill level 8 in Ranged Weapons
  3428 | D:3      | Reached XP level 7. HP: 35/51 MP: 7/7
  3434 | D:3      | Reached * piety under Cheibriados
  4037 | D:4      | Reached ** piety under Cheibriados
  4282 | D:4      | Reached skill level 9 in Ranged Weapons
  4669 | D:5      | Entered Level 5 of the Dungeon
  4765 | D:5      | Found a sand-covered staircase.
  4782 | Ossuary  | Entered an ossuary
  4810 | Ossuary  | Reached XP level 8. HP: 57/57 MP: 8/8
  4832 | Ossuary  | Reached skill level 10 in Ranged Weapons
  4885 | Ossuary  | Reached *** piety under Cheibriados
  5091 | Ossuary  | Reached skill level 5 in Fighting
  5091 | Ossuary  | Reached skill level 11 in Ranged Weapons
  5136 | Ossuary  | Reached XP level 9. HP: 68/68 MP: 9/9
  5268 | D:5      | Noticed Pikel
  5294 | D:5      | Killed Pikel
  5294 | D:5      | Reached **** piety under Cheibriados
  5358 | D:5      | Noticed Eustachio
  5366 | D:5      | Killed Eustachio
  5593 | D:5      | Noticed Prince Ribbit
  5610 | D:5      | Killed Prince Ribbit
  5700 | D:5      | Found a basalt altar of Yredelemnul.
  5787 | D:5      | Reached skill level 12 in Ranged Weapons
  6065 | D:6      | Found Boughiad's Distillery.
  6403 | D:6      | Reached skill level 1 in Invocations
  6403 | D:6      | Reached XP level 10. HP: 82/82 MP: 10/10
  6415 | D:6      | Found a blossoming altar of Fedhas.
  6419 | D:6      | Found an ancient bone altar of Kikubaaqudgha.
  6554 | D:6      | Found Kurghuw's Antique Armour Emporium.
  6560 | D:6      | Bought a pair of runed gloves for 217 gold pieces
  6560 | D:6      | Bought a helmet for 130 gold pieces
  6806 | D:7      | Found a white marble altar of Elyvilon.
  6875 | D:7      | Found a bloodstained altar of Trog.
  7133 | D:7      | Found a staircase to the Ecumenical Temple.
  8478 | D:8      | You fall into a shaft and drop 3 floors!
  8493 | D:11     | Reached skill level 5 in Dodging
  8535 | D:10     | Entered Level 10 of the Dungeon
  8794 | D:9      | Noticed a two-headed ogre
  8804 | D:9      | Killed a two-headed ogre
  8805 | D:9      | Reached skill level 13 in Ranged Weapons
  9143 | D:9      | Reached skill level 5 in Invocations
  9310 | D:9      | Reached ***** piety under Cheibriados
  9311 | D:9      | Reached XP level 11. HP: 89/89 MP: 14/14
  9754 | D:10     | Reached skill level 14 in Ranged Weapons
 10099 | D:10     | Found Biuhugo's Fire Supplies.
 10108 | D:10     | Bought a +1 pair of gloves of fire resistance for 214 gold
                  | pieces
 10546 | D:11     | Noticed Erolcha
 10553 | D:11     | Killed Erolcha
 10554 | D:11     | Reached skill level 15 in Ranged Weapons
 10814 | D:11     | Found a staircase to the Lair.
 10864 | D:11     | Noticed a cyclops
 10878 | D:11     | Killed a cyclops
 10994 | D:11     | Found a staircase to the Orcish Mines.
 11111 | D:11     | Identified the +7 spear of Discretion {flame, Fragile rN+
                  | MP+9}
 11136 | D:11     | Found a burning altar of Makhleb.
 11136 | D:11     | Noticed a green death
 11293 | D:12     | Noticed a catoblepas
 11293 | D:12     | Noticed a manticore
 11293 | D:12     | Noticed a catoblepas
 11293 | D:12     | Noticed a manticore
 11453 | D:12     | Noticed a deep elf pyromancer
 11459 | D:12     | Killed a deep elf pyromancer
 11547 | D:12     | Noticed a white ugly thing
 11553 | D:12     | Killed a white ugly thing
 11554 | D:12     | Reached skill level 16 in Ranged Weapons
 11556 | D:12     | Killed a manticore
 11562 | D:12     | Reached XP level 12. HP: 95/95 MP: 15/15
 11588 | D:12     | Noticed Kirke
 11590 | D:12     | Noticed a sphinx
 11593 | D:12     | Paralysed by a sphinx for 5 turns
 11598 | D:12     | HP: 1/95 [manticore (4)]
 11598 | D:12     | Slain by a sphinx

Illustrated notes

Levels and vault maps discovered:
D:1:      erik_arrival_cave_to_civilisation [erik_arrival_cave_to_hall],
          layout_basic, amcnicky_mini_pool_small, minmay_door_square,
          minivault_27
D:2:      layout_loops_ring, serial_forest, infiniplex_forest_lined_1,
          infiniplex_forest_lined_3, infiniplex_forest_end_2,
          infiniplex_forest_clump_curved, infiniplex_forest_straight_4,
          shapermc_ecumenical_altar_mp_ritualfount, minivault_24, uniq_sigmund
D:3:      minmay_goblin_kobold_castle, layout_loops_cross,
          grunt_temple_overflow_opulence, cheibriados_altar_1
D:4:      layout_loops_cross
D:5:      layout_loops_ring, yredelemnul_forgotten_temple_becter,
          gup_ossuary_entry_pyramid, uniq_pikel, uniq_eustachio,
          uniq_prince_ribbit1
D:6:      layout_basic, grunt_temple_overflow_growth_and_decay, serial_shops,
          nicolae_take_the_stairs, shop, eino_small_chamber_without_monster,
          chequers_hall_statues_y, hangedman_decor_clover_reticule
D:7:      layout_layer_cave, old_standard_altar, elyvilon_altar_1,
          minmay_temple_entry_statues_pillars
D:8:      layout_rooms, serial_rivers, chequers_serial_rivers_large_b,
          chequers_serial_rivers_small_3, chequers_serial_rivers_marsh,
          chequers_serial_rivers_small_a, chequers_serial_rivers_micro_a
D:9:      layout_stronghold
D:10:     layout_loops_ring, nicolae_shop_fire_sale [nicolae_sub_dead_trees]
D:11:     layout_gridville, erik_lair_orcish_takeover, david_orc_3,
          makhleb_altar_promises_db, uniq_erolcha
D:12:     nzn_motion_control, layout_basic, uniq_snorg, uniq_kirke

Skill      XL: |  1  2  3  4  5  6  7  8  9 10 11 |
---------------+----------------------------------+-----
Ranged Weapons | 5 6 7 8 9 11 12 13 16 | 16.4
Fighting       | 5 8 9 |  9.0
Dodging        | 3 5 |  5.0
Invocations    | 1 5 |  5.0
Stealth        | |  0.8

Action                     |  1- 3 |  4- 6 |  7- 9 | 10-12 || total
---------------------------+-------+-------+-------+-------++-------
   Fire: Shortbow          |    88 |   214 |   421 |    11 ||   734
         Longbow           |       |       |       |   357 ||   357
  Throw: Throwing net      |       |     1 |       |       ||     1
 Invoke: Bend Time         |       |       |     1 |     2 ||     3
         Slouch            |       |       |     1 |     1 ||     2
Ability: Hop               |       |     4 |     4 |     2 ||    10
    Use: Potion            |       |     6 |       |       ||     6
         Scroll            |       |     3 |     7 |     4 ||    14
 Armour: Leather armour    |     2 |       |       |       ||     2
         Robe              |     1 |    42 |    42 |    21 ||   106
         Scale mail        |       |       |     1 |       ||     1
  Dodge: Dodged            |     9 |    94 |   120 |    81 ||   304
